 Dungeon Crawl Stone Soup version 0.17.0-22-g5edae84 (webtiles) character file.

89 HaroldButt the Conjurer (level 4, -5/33 HPs)
             Began as a Draconian Conjurer on Nov 12, 2015.
             Slain by Edmund
             ... wielding a +0 dire flail
              (12 damage)
             ... on level 4 of the Dungeon.
             The game lasted 00:11:04 (2874 turns).

HaroldButt the Conjurer (Draconian Conjurer)        Turns: 2874, Time: 00:11:04

Health: -5/33      AC:  5    Str: 10    XL:     4   Next: 31%
Magic:  1/8        EV: 12    Int: 17    God:
Gold:   138        SH:  0    Dex: 11    Spells: 3 memorised, 2 levels left

rFire  . . .     SeeInvis .     c - +0 dagger
rCold  . . .     Clarity  .     (armour unavailable)
rNeg   . . .     SustAt   .     (no shield)
rPois  .         Gourm    .     (helmet restricted)
rElec  .         Spirit   .     (no cloak)
rCorr  .         Warding  .     (no gloves)
rMut   .         Stasis   .     (no boots)
MR     .....                    (no amulet)
Stlth  ++........               (no ring)
                                (no ring)

@: very slightly contaminated, not resistant to hostile enchantments, unstealthy
A: unfitting armour, cold-blooded, AC +5
a: no special abilities


You were on level 4 of the Dungeon.
You were not hungry.

You visited 1 branch of the dungeon, and saw 4 of its levels.

You collected 138 gold pieces.

Inventory:

Hand Weapons
 c - a +0 dagger (weapon)
Missiles
 f - 172 stones
 q - 6 javelins (quivered)
 u - 2 needles of sleeping
Scrolls
 e - 3 scrolls of identify {unknown}
 k - 2 scrolls of recharging {unknown}
 l - a scroll of noise {unknown}
 r - 2 scrolls of blinking {unknown}
 s - a scroll of enchant weapon {unknown}
 v - a scroll of immolation {unknown}
 y - 2 scrolls of remove curse {unknown}
 B - a scroll of amnesia {unknown}
Potions
 g - 2 potions of degeneration {unknown}
 i - a potion of invisibility {unknown}
 m - a potion of agility {unknown}
 n - a potion of cancellation {unknown}
 o - a potion of flight {unknown}
 p - a potion of magic {unknown}
 w - a potion of mutation {unknown}
 x - a potion of might {unknown}
 A - 2 potions of ambrosia {unknown}
Books
 a - a book of Conjurations

   Spells                             Type                      Level
   a - Magic Dart                     Conjuration                  1
   b - Searing Ray                    Conjuration                  2
   c - Dazzling Spray                 Conjuration/Hexes            3
   d - Fulminant Prism                Conjuration/Hexes            4
   e - Iskenderun's Mystic Blast      Conjuration                  4
   f - Iskenderun's Battlesphere      Conjuration/Charms           5
Comestibles
 b - 3 bread rations
 d - a slice of pizza
 h - 4 fruits
 j - 3 meat rations
 t - 5 chunks of flesh
 z - a royal jelly


   Skills:
 - Level 1.7 Dodging
 - Level 1.7 Stealth
 + Level 2.7 Spellcasting
 * Level 5.2 Conjurations
 + Level 0.8 Hexes


You had 2 spell levels left.
You knew the following spells:

 Your Spells              Type           Power        Failure   Level  Hunger
a - Magic Dart            Conj           ###.         2%          1    #......
b - Searing Ray           Conj           ###...       3%          2    ##.....
c - Dazzling Spray        Conj/Hex       ##......     17%         3    ###....


Dungeon Overview and Level Annotations

Branches:
Dungeon (4/15)
 Temple: D:4-7

Altars:
Fedhas

Annotations:
D:3 urechis's ghost, amateur TeBe
D:4 Edmund


Innate Abilities, Weirdness & Mutations

Your plain brown scales are hard (AC +5).
Your body does not fit into most forms of armour.
You are cold-blooded and may be slowed by cold attacks.


Message History

Edmund hits you with a dire flail.
The jackal bites you but does no damage.
An orc comes into view. It is wielding a flail of crushing.
The orc shouts!
You hit the jackal.
You kill the jackal!
The jackal closely misses you. Edmund hits you with a dire flail.
* * * LOW HITPOINT WARNING * * *
The orc moves out of view.
You hit the jackal but do no damage. The jackal closely misses you.
Edmund misses you.
You hit the jackal. You tail-slap the jackal.
You kill the jackal!
Edmund hits you with a dire flail.
* * * LOW HITPOINT WARNING * * *
The jackal bites you but does no damage.
You barely miss the jackal.
The jackal bites you but does no damage.
Edmund hits you with a dire flail!
You die...

......#...
.......oo
!..o...### #.
........ ... ..
... .. #o
#.#####.####
#@##o#.......!#
#.@hh..<...#
####.......#
#.#.........
#.#....#.#.#
#.#.........
......##.#..
....... ..##
.......## .#


You could see Edmund, an orc priest, 2 orcs and 2 jackals.

Vanquished Creatures
  2 adders (D:2)
  4 giant geckos
  An orc (D:3)
  4 ball pythons
  6 bats
  11 goblins
  5 hobgoblins
  12 kobolds
  A quokka (D:2)
  3 giant cockroaches
  2 giant newts
  4 jackals
  9 rats
  A bush (D:1)
  A plant (D:1)
66 creatures vanquished.

Vanquished Creatures (others)
  2 plants (D:1)
2 creatures vanquished.

Grand Total: 68 creatures vanquished

Notes
Turn   | Place    | Note
--------------------------------------------------------------
     0 | D:1      | HaroldButt the Draconian Conjurer began the quest for the Orb.
     0 | D:1      | Reached XP level 1. HP: 14/14 MP: 3/3
   321 | D:1      | Reached XP level 2. HP: 17/20 MP: 1/5
   326 | D:1      | Learned a level 2 spell: Searing Ray
  1135 | D:1      | Reached XP level 3. HP: 26/26 MP: 1/6
  1634 | D:2      | Found a blossoming altar of Fedhas.
  2039 | D:2      | Learned a level 3 spell: Dazzling Spray
  2064 | D:2      | Reached skill level 5 in Conjurations
  2250 | D:2      | Reached XP level 4. HP: 13/33 MP: 0/8
  2833 | D:3      | Noticed urechis's ghost (amateur TeBe)
  2860 | D:4      | Noticed Edmund
  2874 | D:4      | Slain by Edmund

Action                   |  1- 3 |  4- 6 || total
-------------------------+-------+-------++-------
Melee: Dagger            |   465 |    59 ||   524
Throw: Javelin           |     7 |     4 ||    11
 Cast: Magic Dart        |    46 |    12 ||    58
       Searing Ray       |     3 |     3 ||     6
 Stab: Sleeping          |     1 |     1 ||     2
  Eat: Chunk             |     6 |     2 ||     8
